 Dungeon Crawl Stone Soup version 0.30.1-11-g7821555f0a (webtiles) character file.

Game seed: 1879806305494283978

84 growler the Gusty (level 4, -4/24 HPs)
             Began as a Tengu Air Elementalist on Oct 31, 2023.
             Succumbed to Sigmund's poison
             ... on level 3 of the Dungeon.
             The game lasted 00:04:15 (2896 turns).

growler the Gusty (Tengu Air Elementalist)          Turns: 2896, Time: 00:04:15

Health: -4/24      AC:  2    Str:  9    XL:     4   Next: 46%
Magic:  9/9        EV: 12    Int: 17    God:
Gold:   22         SH:  0    Dex: 14    Spells: 2/8 levels left

rFire   . . .        (no weapon)
rCold   . . .        (no shield)
rNeg    . . .        a - +0 robe
rPois   .            (helmet restricted)
rElec   .            (no cloak)
rCorr   .            (no gloves)
SInv    .            (boots unavailable)
Will    .....        (no amulet)
Stlth   ++           (no ring)
HPRegen 0.24/turn    (no ring)
MPRegen 0.11/turn

%: no passive effects
@: lethally poisoned (-4 -> -27), hasted, very quick
A: beak, talons 3, mutation resistance 1
a: no special abilities


You were on level 3 of the Dungeon.
You visited 1 branch of the dungeon, and saw 3 of its levels.

You collected 22 gold pieces.

Inventory:

Armour
 a - a +0 robe (worn)
Scrolls
 c - a scroll of teleportation {unknown}
 d - 6 scrolls of identify {unknown}
 f - a scroll of butterflies {unknown}
 h - 3 scrolls of noise {unknown}
 i - a scroll of silence {unknown}
 l - a scroll of magic mapping {unknown}
 m - 2 scrolls of enchant weapon {unknown}
 n - a scroll of poison {unknown}
 r - 3 scrolls of immolation {unknown}
Potions
 b - a potion of magic
 g - a potion of heal wounds
 s - a potion of brilliance {unknown}


   Skills:
 - Level 2.1 Dodging
 - Level 2.0 Stealth
 + Level 2.9 Spellcasting
 + Level 3.2 Conjurations
 + Level 5.1 Air Magic


You had 2 spell levels left.
You knew the following spells:

 Your Spells              Type           Power      Damage    Failure   Level
a - Shock                 Conj/Air       64%        1d7       3%          1
b - Static Discharge      Conj/Air       32%        2-4/arc   4%          2
c - Swiftness             Air            20%        N/A       6%          3

Your spell library contained the following spells:

 Spells                   Type           Power      Damage    Failure   Level
 Sandblast                Erth           4%         2d4       19%         1
 Passwall                 Tmut/Erth      1%         N/A       26%         2
 Airstrike                Air            10%        2d(2-18)  22%         4
 Stone Arrow              Conj/Erth      16%        3d8       26%         3


Dungeon Overview and Level Annotations

Branches:
Dungeon (3/15)

Altars:

Annotations:
D:3 Sigmund


Innate Abilities, Weirdness & Mutations

You have a beak for a mouth.
You have claws for feet.
You are somewhat resistant to further mutation.


Message History

Something hits you!
Ouch! That really hurt!
* * * LOW HITPOINT WARNING * * *
You are more poisoned.
It was a potion of ambrosia.
You are more confused.
You feel invigorated.
* * * LOW HITPOINT WARNING * * *
You feel very sick.
It was a potion of mutation.
You feel extremely strange.
You feel genetically stable.
* * * LOW HITPOINT WARNING * * *
You feel very sick. Something hits you but does no damage.
You are more poisoned.
It was a potion of invisibility.
You fade into invisibility!
* * * LOW HITPOINT WARNING * * *
You feel very sick.
You hear some strange, mumbled words.
Something tries to affect you, but you resist.
It was a potion of flight.
You feel very buoyant.
You fly up into the air.
* * * LOW HITPOINT WARNING * * *
You feel very sick.
You hear some strange, mumbled words.
You are more confused.
It was a potion of cancellation.
Your magical effects are unravelling.
You feel magically purged.
You feel less invigorated.
You float gracefully downwards.
You flicker back into view.
You feel less confused.
* * * LOW HITPOINT WARNING * * *
You feel very sick. Something hits you.
* * * LOW HITPOINT WARNING * * *
You are more poisoned.
It was a potion of haste.
You feel yourself speed up.
You die...

#.# #.....# #.#
#.....# #.# #.....#
#.##############.....#
#....................#
################.#####
...............#.#
.#####..........#
#..@{.######.###
#.##..#####..#
#............#
####.######..#
?.........#
##.........#
####...#..# #.#.#..#
...#....#


There were no monsters in sight!

Vanquished Creatures
  Jessica (D:3)
  An adder (D:2)
  A worm (D:3)
  2 dart slugs (D:1)
  4 ball pythons (D:1)
  6 bats
  2 endoplasms
  A giant cockroach (D:3)
  4 goblins (D:1)
  5 hobgoblins
  6 jackals (D:1)
  A quokka (D:1)
  2 frilled lizards
  2 kobolds (D:2)
  2 rats (D:1)
40 creatures vanquished.

Notes
Turn   | Place    | Note
-------+----------+-------------------------------------------
     0 | D:1      | growler the Tengu Air Elementalist began the quest for the
                  | Orb.
     0 | D:1      | Reached XP level 1. HP: 10/10 MP: 4/4
   312 | D:1      | Reached XP level 2. HP: 15/15 MP: 1/6
   494 | D:1      | Learned a level 2 spell: Static Discharge
   913 | D:1      | Found a faded altar of an unknown god.
   917 | D:1      | Reached XP level 3. HP: 19/19 MP: 4/7
  1198 | D:1      | Learned a level 3 spell: Swiftness
  2583 | D:3      | Reached XP level 4. HP: 24/24 MP: 5/9
  2703 | D:3      | Noticed Jessica
  2707 | D:3      | Killed Jessica
  2708 | D:3      | Reached skill level 5 in Air Magic
  2862 | D:3      | Noticed Sigmund
  2892 | D:3      | Gained mutation: You are somewhat resistant to further
                  | mutation. [potion of mutation]
  2895 | D:3      | HP: 1/24 [something (4)]
  2896 | D:3      | Succumbed to Sigmund's poison

Illustrated notes

Levels and vault maps discovered:
D:1:      amcnicky_arrival_wind_blow, layout_loops_ring,
          chequers_ecumenical_altar_simple_redux
D:2:      layout_loops_corners
D:3:      layout_basic, uniq_jessica, uniq_sigmund

Skill      XL: |  1  2  3  4 |
---------------+-------------+-----
Conjurations   | 2 3 |  3.2
Air Magic      | 5 |  5.1
Dodging        | |  2.1
Stealth        | |  2.0
Spellcasting   | |  2.9

Action                     |  1- 3 |  4- 6 || total
---------------------------+-------+-------++-------
  Melee: Unarmed           |     2 |       ||     2
         Kick              |     1 |       ||     1
   Cast: Shock             |    87 |     5 ||    92
    Use: Potion            |       |     7 ||     7
 Armour: Robe              |     1 |     1 ||     2
  Dodge: Dodged            |     7 |       ||     7
